 Dungeon Crawl Stone Soup version 0.28-a0-224-g76b539d98b (webtiles) character file.

Game seed: 8485953054874903286

169 Smaepdii the Shield-Bearer (level 5, -3/33 HPs)
             Began as a Gargoyle Fighter on Aug 22, 2021.
             Slain by an ogre (26 damage)
             ... on level 4 of the Dungeon.
             The game lasted 00:07:05 (3495 turns).

Smaepdii the Shield-Bearer (Gargoyle Fighter)       Turns: 3495, Time: 00:07:05

Health: -3/33      AC: 14    Str: 20    XL:     5   Next: 50%
Magic:  14/14      EV:  3    Int:  8    God:
Gold:   116        SH: 12    Dex: 10    Spells: 4/4 levels left

rFire   . . .      SeeInvis .   a - +1 flail
rCold   . . .      Faith    .   f - +0 tower shield
rNeg    + . .      Spirit   .   h - +0 chain mail
rPois   ∞          Reflect  .   l - +0 helmet
rElec   +          Harm     .   (no cloak)
rCorr   .          Rampage  .   (no gloves)
Will    .....                   (no boots)
Stlth   ..........              (no amulet)
HPRegen 0.11/turn               o - ring of magical power
MPRegen 0.14/turn               (no ring)

@: hasted, very quick
A: sickness immunity, AC +4, negative energy resistance 1, electricity
resistance, torment resistance 1, petrification resistance
a: no special abilities


You were on level 4 of the Dungeon.
You visited 1 branch of the dungeon, and saw 4 of its levels.

You collected 116 gold pieces.

Inventory:

Hand Weapons
 a - a +1 flail (weapon)
Armour
 f - a +0 tower shield (worn)
 h - a +0 chain mail (worn)
 l - a +0 helmet (worn)
Jewellery
 o - a ring of magical power (left hand)
Scrolls
 c - 2 scrolls of amnesia
Potions
 b - a potion of heal wounds
 d - a potion of might
 g - a potion of attraction
 j - a potion of haste
 k - a potion of ambrosia
 n - a potion of magic {unknown}


   Skills:
 + Level 4.1 Fighting
 * Level 3.8 Maces & Flails
 + Level 4.1 Armour
 + Level 4.1 Shields


You had 4 spell levels left.
You didn't know any spells.
Your spell library contained the following spells:

 Spells                   Type           Power      Damage    Failure   Level
 Foxfire                  Conj/Fire      0%         2x1d4     100%        1
 Conjure Flame            Conj/Fire      0%         6-21      100%        3
 Inner Flame              Hex/Fire       0%         N/A       100%        3


Dungeon Overview and Level Annotations

Branches:
Dungeon (4/15)
 Temple: D:4-7

Altars:


Innate Abilities, Weirdness & Mutations

You are immune to sickness and miasma.
Your stone body is resilient. (AC +4)
You are immune to poison.
You resist negative energy. (rN+)
You are resistant to electric shocks. (rElec)
You are resistant to unholy torment.
You are immune to petrification.


Message History

Your shield and chain mail prevent you from hitting the endoplasm.
The endoplasm hits you but does no damage.
You hit the endoplasm.
You kill the endoplasm!
You start resting.
An orc comes into view. It is wielding a +0 trident.
The orc shouts!
You hear a shout! x4
The orc hits you but does no damage.
An orc comes into view. It is wielding a +0 short sword.
The orc hits you with a +0 trident.
You hit the orc.
The orc is almost dead.
You block the orc's attack.
You hit the orc.
You kill the orc!
An ogre comes into view. It is wielding a +0 giant spiked club.
The orc hits you but does no damage.
You hit the orc.
The orc is heavily wounded.
You block the orc's attack.
You sock the orc!
You kill the orc!
An orc and an orc wizard come into view.
The orc wizard shouts!
The orc shouts!
An orc comes into view. It is wielding a +0 short sword.
Items here: )) [ ††.
Okay, then.
Okay, then.
You feel yourself speed up.
You hit the ogre.
The ogre is lightly wounded.
The ogre hits you with a +0 giant spiked club.
You sock the ogre!
The ogre is heavily wounded.
You block the ogre's attack.
You sock the ogre!
The ogre is almost dead.
The ogre hits you with a +0 giant spiked club!!
Ouch! That really hurt!
You die...

##### #...# . #...# .o
##############...# o..
...........)...... ..o
........######...# ..
#######..## #...#
#.############..#
#...#
#..)ooO@........#
#...#
.......############.##
##### ..###..
#.......####### ##.
#.............. ..
#.........##### ..
#......#....... ...
######......... ...
#.##...... ##'##......


You could see an ogre, an orc wizard and an orc.

Vanquished Creatures
  A bullfrog (D:4)
  A jelly (D:4)
  A gnoll (D:1)
  An adder (D:2)
  An adder skeleton (D:4)
  4 dart slugs
  2 orcs (D:4)
  3 endoplasms
  3 giant cockroaches
  4 goblins
  7 hobgoblins
  A quokka (D:2)
  6 ball pythons
  4 bats
  5 frilled lizards
  4 kobolds
  6 rats
54 creatures vanquished.

Notes
Turn   | Place    | Note
-------+----------+-------------------------------------------
     0 | D:1      | Smaepdii the Gargoyle Fighter began the quest for the Orb.
     0 | D:1      | Reached XP level 1. HP: 14/14 MP: 1/1
    94 | D:1      | Reached XP level 2. HP: 8/19 MP: 2/2
   352 | D:1      | Found a faded altar of an unknown god.
   840 | D:1      | Reached XP level 3. HP: 12/23 MP: 3/3
  2111 | D:2      | Reached XP level 4. HP: 29/29 MP: 4/4
  3260 | D:4      | Noticed a bullfrog
  3273 | D:4      | Killed a bullfrog
  3274 | D:4      | Reached XP level 5. HP: 19/33 MP: 5/5
  3484 | D:4      | Noticed an ogre
  3495 | D:4      | Slain by an ogre

Illustrated notes

Levels and vault maps discovered:
D:1:      saegor_arrival_under_anarchy, layout_basic,
          dreamdust_ecumenical_altar_hidden_monk_grotto, minmay_tall_x
D:2:      layout_loops_corners, minmay_misc_feat_rows, minmay_pentomino_x4
D:3:      layout_loops_cross, minmay_misc_feat_room
D:4:      layout_basic, st_stairs_2, uniq_blork_the_orc

Skill      XL: |  1  2  3  4 |
---------------+-------------+-----
Maces & Flails | 3 |  3.8
Fighting       | 4 |  4.1
Armour         | 4 |  4.1
Shields        | 4 |  4.1

Action                   |  1- 3 |  4- 6 || total
-------------------------+-------+-------++-------
Melee: Flail             |   129 |    83 ||   212
  Use: Scroll            |       |     7 ||     7
       Potion            |       |     2 ||     2
Armor: Scale mail        |    74 |       ||    74
       Chain mail        |     2 |    40 ||    42
Dodge: Dodged            |    30 |     6 ||    36
Block: Kite shield       |     8 |       ||     8
       Tower shield      |    89 |    77 ||   166

Table legend: (Time is in decaauts)
 A = Elapsed time spent in this place.
 B = Non-inter-level travel time spent in this place.
 C = Inter-level travel time spent in this place.
 D = Time resting spent in this place.
 E = Time spent auto-exploring this place.
 F = Levels seen in this place.
 G = Mean time per level.
                   A        B        C        D        E       F      G
               +--------+--------+--------+--------+--------+-----+--------+
         Total |   3635 |   3552 |     83 |    634 |   2138 |   4 |  908.8 |
       Dungeon |   3635 |   3552 |     83 |    634 |   2138 |   4 |  908.8 |
               +--------+--------+--------+--------+--------+-----+--------+

Top non-repeatable levels by time:
     D:1: 1300 daAuts
     D:2: 1201 daAuts
     D:3: 654 daAuts
     D:4: 478 daAuts
